Map: Deathaura LE

Players

AGOElazer (Elazer) - Winner!

  • Race: Zerg Zerg
  • Spawn Location: 11:00

AqueroN

  • Race: Terran Terran
  • League: Grandmaster
  • Spawn Location: 5:00

Event: DreamHack SC2 Masters 2020 Winter

VOD

Have the link to the VOD?

Description

Time

  • Played on: Oct. 21, 2020, 1:07 p.m.
  • Length: 17:16

All games in this series

Show
View Real Time Build Order
Export as new Build Order

AGOElazer Zerg - Winner!

Build Orders: Hatch First, Lurkers 

Get SALT Encoding   

  12  0:00  Drone  
  13  0:13  Overlord  
  13  0:18  Drone  
  14  0:31  Drone x2  
  16  0:47  Hatchery  
  15  0:51  Drone  
  15  0:56  Drone  
  17  1:03  Drone  
  18  1:17  Spawning Pool  
  18  1:18  Drone  
  18  1:20  Extractor  
  18  1:24  Drone  
  18  1:30  Drone  
  19  1:42  Drone  
  20  1:51  Drone  
  21  2:03  Queen x2  
  21  2:04  Zergling x2  
  21  2:08  Overlord  
  26  2:11  Zergling x2  
  26  2:12  Drone  
  28  2:22  Metabolic Boost  
  28  2:28  Zergling x4  
  30  2:38  Hatchery  
  30  2:39  Drone  
  30  2:42  Drone  
  30  2:43  Drone  
  32  2:53  Queen  
  32  2:55  Overlord  
  34  3:02  Drone x2  
  36  3:09  Overlord  
  36  3:16  Drone x5  
  41  3:29  Drone x2  
  41  3:30  Queen  
  45  3:34  Drone  
  45  3:37  Drone  
  47  3:46  Overlord  
  47  3:48  Drone x4  
  47  3:51  Queen  
  53  3:59  Overlord  
  53  4:02  Queen  
  53  4:03  Drone x2  
  53  4:04  Drone x2  
  53  4:09  Queen  
  59  4:19  Zergling x2, Spore Crawler  
  59  4:20  Zergling x8  
  59  4:23  Drone x3  
  66  4:29  Zergling x4  
  68  4:34  Overlord  
  67  4:40  Zergling x10  
  72  4:49  Overlord  
  72  4:52  Drone x4  
  75  4:58  Queen  
  75  4:59  Queen  
  77  5:02  Queen  
  77  5:03  Zergling x2  
  77  5:05  Overlord  
  82  5:10  Drone x6  
  82  5:12  Evolution Chamber  
  82  5:13  Evolution Chamber  
  86  5:19  Overlord  
  86  5:21  Drone  
  87  5:22  Spore Crawler x2  
  87  5:23  Drone x5  
  87  5:28  Drone x2  
  92  5:31  Overlord  
  92  5:40  Drone x3  
  92  5:46  Drone x2  
  91  5:51  Zerg Melee Weapons Level 1, Zerg Ground Armor Level 1  
  91  5:53  Lair  
  91  5:58  Drone x2  
  91  5:59  Extractor x3  
  91  6:02  Drone x3  
  93  6:04  Hatchery  
  93  6:08  Spore Crawler  
  93  6:09  Overlord  
  91  6:14  Drone x2  
  93  6:23  Drone x6  
  93  6:24  Drone x2  
  101  6:26  Baneling Nest  
  101  6:30  Hatchery  
  99  6:34  Overlord  
  99  6:39  Drone x5  
  104  6:43  Burrow  
  104  6:46  Overlord  
  104  6:50  Zergling x4  
  106  6:56  Zergling x12  
  112  7:04  Zergling x8  
  112  7:07  Drone  
  113  7:13  Zergling x2  
  113  7:15  Centrifical Hooks  
  114  7:20  Drone x3  
  114  7:22  Zergling x6  
  109  7:31  Drone x3  
  109  7:35  Drone  
  109  7:36  Hydralisk Den  
  111  7:37  Drone  
  111  7:39  Drone x3, Extractor  
  111  7:42  Spore Crawler, Drone x4  
  117  7:47  Spore Crawler  
  117  7:50  Zergling x16  
  117  7:51  Zerg Ground Armor Level 2, Zerg Melee Weapons Level 2  
  122  7:54  Drone  
  122  7:56  Extractor  
  122  7:59  Drone x3  
  122  8:01  Overseer  
  125  8:07  Grooved Spines  
  125  8:09  Drone  
  125  8:11  Infestation Pit, Drone x2  
  125  8:12  Drone  
  128  8:13  Hydralisk, Extractor  
  128  8:14  Hydralisk x4  
  137  8:20  Extractor  
  137  8:21  Drone x3  
  137  8:27  Overlord  
  138  8:28  Hydralisk x4  
  146  8:34  Zergling x6  
  146  8:39  Overlord  
  149  8:48  Hatchery  
  148  8:52  Zergling x2, Hive  
  148  8:53  Overlord x3  
  149  8:57  Baneling x3  
  149  8:58  Baneling x2  
  149  8:59  Zergling x16  
  149  9:01  Overseer  
  157  9:03  Baneling x2  
  157  9:06  Baneling x4  
  157  9:07  Baneling x3  
  157  9:15  Zergling x18  
  166  9:19  Muscular Augments  
  165  9:30  Hydralisk x4  
  165  9:31  Hydralisk x4  
  172  9:34  Zergling x14  
  181  9:43  Lurker Den  
  181  9:45  Spore Crawler, Drone  
  181  9:47  Overlord x2  
  180  9:54  Baneling x9  
  180  9:59  Extractor  
  179  10:01  Drone x6, Extractor  
  184  10:07  Zerg Missile Weapons Level 1  
  184  10:08  Baneling x15  
  184  10:10  Zergling x30  
  195  10:22  Zergling x14  
  193  10:34  Zergling x18  
  175  10:48  Zergling x18  
  175  10:49  Zergling x8  
  183  10:54  Seismic Spines  
  183  10:55  Adrenal Glands, Zerg Ground Armor Level 3  
  165  11:09  Drone x8  
  171  11:13  Viper  
  171  11:14  Viper  
  171  11:17  Hydralisk  
  171  11:18  Hydralisk x4  
  187  11:20  Extractor  
  186  11:27  Pneumatized Carapace  
  186  11:34  Zergling x4  
  186  11:35  Hatchery, Overlord x2  
  187  11:43  Spore Crawler  
  187  11:44  Spore Crawler  
  187  11:46  Lurker x3  
  188  11:48  Spore Crawler x2  
  188  11:50  Spore Crawler x2  
  188  11:51  Adaptive Talons  
  185  11:54  Lurker x7  
  190  12:04  Lurker x3  
  193  12:09  Zerg Missile Weapons Level 2  
  193  12:36  Zergling x36  
  199  12:42  Hydralisk x8  
  177  12:58  Hydralisk  
  177  12:59  Hydralisk x5  
  177  13:01  Viper x2  
  193  13:08  Lurker  
  193  13:09  Zergling x6  
  193  13:10  Overlord  
  188  13:33  Hatchery  
  187  13:37  Zergling x2  
  187  13:38  Zergling x26  
  185  13:51  Hydralisk  
  185  13:52  Hatchery, Hydralisk x4  
  190  13:58  Zergling x32  
  189  14:02  Zerg Melee Weapons Level 3  
  189  14:05  Zergling x14  
  189  14:06  Zergling x2  
  187  14:14  Overlord  
  182  14:19  Lurker x6  
  182  14:20  Lurker x7  
  182  14:21  Overseer  
  182  14:22  Overseer x2  
  182  14:23  Overseer  
  179  15:01  Hydralisk x10  
  195  15:17  Zergling x30  
  195  15:20  Hatchery  
  186  15:25  Hydralisk x3  
  177  15:31  Hydralisk x3  
  167  15:36  Spire x2  
  162  15:43  Drone x8  
  162  15:44  Lurker x4  
  162  15:45  Lurker x2  
  176  15:50  Hydralisk, Drone x3  
  176  15:52  Lurker x2  
  176  15:53  Lurker x5  
  185  15:57  Drone  
  185  16:00  Hydralisk x4  
  185  16:01  Unknown  
  185  16:03  Unknown  
  192  16:15  Hydralisk  
Show
View Real Time Build Order
Export as new Build Order

AqueroN Terran 

Build Orders: Liberator Opening, Reaper Expand 

Get SALT Encoding   

  12  0:00  SCV  
  13  0:12  SCV  
  14  0:17  Supply Depot  
  14  0:24  SCV  
  15  0:38  SCV  
  15  0:39  Refinery  
  16  0:43  Barracks  
  16  0:50  SCV  
  17  1:02  SCV  
  18  1:14  SCV  
  19  1:29  Orbital Command  
  19  1:30  Reaper  
  20  1:40  Command Center  
  20  1:55  SCV  
  20  1:58  Factory  
  21  2:06  Supply Depot  
  21  2:07  SCV  
  22  2:16  Barracks Reactor  
  22  2:19  SCV  
  22  2:20  Refinery  
  23  2:31  SCV  
  24  2:44  SCV  
  25  2:54  Orbital Command  
  25  2:56  SCV  
  25  2:57  Hellion x2  
  30  2:58  Starport  
  30  3:08  SCV  
  30  3:11  Marine  
  32  3:18  Hellion x2  
  36  3:20  SCV  
  36  3:26  SCV  
  37  3:31  Marine  
  37  3:32  SCV  
  39  3:34  Medivac  
  39  3:39  SCV, Widow Mine  
  39  3:40  Widow Mine  
  46  3:42  Supply Depot  
  46  3:50  Supply Depot  
  46  4:04  SCV x2, Hellion x2  
  52  4:11  Liberator  
  52  4:13  Supply Depot  
  52  4:16  SCV x2, Supply Depot  
  57  4:28  SCV x2, Hellion x2  
  57  4:30  Barracks Tech Lab  
  62  4:37  Command Center  
  62  4:40  SCV  
  62  4:41  SCV  
  64  4:52  SCV, Stimpack  
  69  4:54  SCV  
  70  5:00  Starport Tech Lab  
  70  5:04  SCV  
  70  5:06  SCV  
  68  5:11  Barracks  
  68  5:14  Barracks  
  68  5:15  Engineering Bay, Factory Reactor  
  68  5:16  Engineering Bay  
  68  5:17  SCV  
  68  5:19  SCV  
  70  5:29  SCV  
  70  5:31  SCV  
  70  5:32  Barracks  
  70  5:34  Barracks  
  70  5:40  Starport Reactor  
  70  5:41  SCV  
  69  5:43  SCV  
  69  5:47  Marine  
  66  5:52  Refinery x2  
  66  5:53  SCV  
  66  5:55  SCV  
  66  5:56  Terran Infantry Weapons Level 1, Terran Infantry Armor Level 1  
  68  6:02  Marine  
  68  6:03  Marine  
  70  6:05  SCV  
  70  6:07  SCV, Orbital Command  
  70  6:08  Marine  
  73  6:13  Siege Tank  
  73  6:15  Marine x2  
  73  6:17  SCV  
  79  6:19  SCV  
  79  6:20  Medivac x2, Marine x2  
  79  6:22  Barracks Reactor  
  79  6:24  Barracks Reactor  
  86  6:29  SCV, Marine  
  86  6:30  Supply Depot  
  86  6:31  SCV, Supply Depot  
  89  6:33  Marine x2  
  89  6:37  SCV  
  92  6:40  Marine  
  92  6:46  Supply Depot  
  93  6:48  Supply Depot  
  93  6:50  Factory  
  93  6:51  SCV x3, Marine x2, Siege Tank  
  93  6:52  Marine x2  
  103  6:56  Combat Shield  
  103  6:58  Marine  
  104  7:02  Marine x3  
  104  7:03  Marine  
  104  7:04  SCV  
  104  7:08  SCV x2  
  111  7:09  Supply Depot x2, Marine x2  
  110  7:23  Marine x3  
  110  7:24  Armory, Marine  
  110  7:26  SCV x2  
  98  7:32  Marine  
  98  7:33  SCV, Marine x3  
  100  7:38  SCV x2  
  100  7:39  Factory Reactor  
  100  7:40  Siege Tank  
  100  7:44  Marine x3  
  105  7:46  SCV  
  105  7:50  SCV  
  108  7:51  SCV, Marine  
  108  7:52  Marine x4  
  108  7:54  Medivac  
  108  7:55  Medivac  
  108  7:58  SCV  
  119  8:08  SCV x2  
  119  8:09  Marine x3  
  119  8:10  SCV, Command Center  
  125  8:14  Marine x5  
  125  8:18  Terran Infantry Armor Level 2, Terran Infantry Weapons Level 2  
  130  8:25  Marine  
  130  8:27  Drilling Claws, Marine x3, Widow Mine x2  
  130  8:28  Widow Mine  
  139  8:38  Marine  
  140  8:46  Refinery x2  
  140  8:47  Supply Depot  
  140  8:48  Medivac, Supply Depot  
  142  8:49  Supply Depot x2, Widow Mine  
  142  8:51  Marine x2  
  142  8:53  SCV x3  
  153  9:01  Marine  
  153  9:02  Marine x4  
  154  9:07  Barracks  
  154  9:08  Barracks  
  154  9:10  Barracks, Factory Tech Lab  
  154  9:11  Siege Tank  
  157  9:18  Terran Vehicle Weapons Level 1  
  157  9:26  Marine x2  
  157  9:30  Siege Tank  
  161  9:37  Marine x4  
  161  9:38  Marine x2  
  160  9:40  Medivac x2  
  160  9:43  Siege Tank  
  167  9:46  SCV x3  
  167  9:50  Command Center  
  170  9:54  Marine x2  
  172  10:02  Barracks Tech Lab x3  
  172  10:05  SCV  
  172  10:06  SCV x2  
  175  10:14  Medivac x2  
  175  10:16  Siege Tank  
  180  10:22  Marine x3  
  177  10:34  Marine x2  
  179  10:37  Siege Tank  
  179  10:39  Missile Turret  
  142  10:51  Marine x5  
  142  10:52  Marauder x3  
  142  10:53  Siege Tank  
  138  11:08  Marine x3  
  138  11:09  Siege Tank  
  136  11:11  Planetary Fortress  
  136  11:24  Medivac x2  
  136  11:25  Marine x4, Siege Tank  
  144  11:28  Command Center  
  144  11:32  Marauder x4  
  155  11:33  Concussive Shells, Marine  
  155  11:34  Marine x3  
  159  11:41  SCV x3  
  159  11:42  Siege Tank  
  159  11:46  Terran Infantry Weapons Level 3, Terran Infantry Armor Level 3  
  165  11:56  Planetary Fortress  
  167  12:08  Marauder  
  167  12:09  Marauder x3, Marine x5  
  167  12:10  Marine  
  167  12:14  Marine x2  
  180  12:19  Siege Tank  
  173  12:24  Refinery  
  173  12:25  Refinery  
  173  12:27  Command Center  
  173  12:29  Marine x2  
  177  12:30  Marauder x4  
  167  12:50  Siege Tank  
  167  12:51  Medivac x2, Marauder x3, Siege Tank  
  179  12:54  Marine x2  
  170  13:04  Missile Turret  
  167  13:11  Marine x3  
  167  13:12  SCV x2  
  171  13:18  Marauder x3, Marine x2  
  178  13:22  Siege Tank  
  178  13:24  Marauder  
  178  13:25  Marine  
  178  13:26  Marine  
  178  13:27  Marine  
  185  13:36  Sensor Tower  
  185  13:40  Marauder x3  
  169  13:42  Marine  
  169  13:46  Marauder  
  170  13:49  Marine x2  
  170  13:55  Orbital Command  
  163  13:59  Marine  
  163  14:01  Marauder x3  
  163  14:02  Marine, Siege Tank  
  143  14:03  Marine x4  
  143  14:07  Marine x3  
  143  14:09  Orbital Command  
  131  14:10  Siege Tank  
  131  14:11  Medivac x2  
  131  14:14  SCV x3  
  137  14:17  Marine  
  137  14:20  Marine x2  
  140  14:26  SCV x4  
  140  14:28  Marauder  
  144  14:34  Marauder x2, Siege Tank  
  144  14:38  SCV x3  
  151  14:39  SCV  
  151  14:41  Medivac x2  
  157  14:56  Refinery  
  157  14:57  Marine x6  
  157  14:58  Marine  
  157  14:59  Marauder x4  
  167  15:20  Marauder x2  
  118  15:29  Marine x4  
  118  15:30  Marine x3  
  118  15:31  Marine  
  118  15:32  Marauder x2  
  118  15:34  Orbital Command  
  122  15:45  Marauder x2  
  126  15:53  Marauder x2  
  130  15:59  Marine x7  
  130  16:00  Liberator x2, Marine, Siege Tank x2  
  150  16:10  Marauder x2  
  154  16:14  Marine x2  
  154  16:17  Missile Turret  
  156  16:23  Marine  
  156  16:24  Marine x3  
  153  16:26  Marine x4  
  153  16:31  Marauder  
  155  16:43  Marine  
  155  16:44  Marine x4  
  155  16:45  Marine x2  
Tags
 
Add a new tag
Caveats
  • Supply blocks, unpowered buildings, or Contaminate may cause inaccurate times.
  • Supply counts are checked every 10 seconds.